 Dungeon Crawl Stone Soup version 0.25-a0-435-g4b9beb1024 (webtiles) character file.

Game seed: 10931090564887598043, levelgen mode: deterministic

17451 Archen the Cleaver (level 12, -6/110 HPs)
             Began as a Minotaur Berserker on Jan 27, 2020.
             Was an Elder of Trog.
             Mangled by Snorg (7 damage)
             ... on level 13 of the Dungeon.
             The game lasted 00:45:11 (10737 turns).

Archen the Cleaver (Minotaur Berserker)            Turns: 10737, Time: 00:45:12

Health: -6/110     AC: 19    Str: 25    XL:     12   Next: 19%
Magic:  0/10       EV: 12    Int:  9    God:    Trog [****..]
Gold:   494        SH:  0    Dex: 12    Spells: 11/11 levels left

rFire    . . .     SeeInvis .   z - +3 executioner's axe (antimagic)
rCold    . . .     Gourm    .   (shield currently unavailable)
rNeg     + . .     Faith    .   K - +0 plate armour
rPois    .         Spirit   +   E - +3 hat of Pondering {ponderous, MR+ MP+10 Int+5}
rElec    .         Reflect  .   F - scarf {Spirit}
rCorr    .         Harm     .   M - +0 pair of gloves
MR       +....                  (no boots)
Stlth    ..........             C - amulet of regeneration
HPRegen  0.68/turn              h - ring of positive energy
MPRegen  0.12/turn              I - ring of magical power

@: slow
A: retaliatory headbutt, horns 2
a: Berserk, Trog's Hand, Brothers in Arms, Renounce Religion


You were on level 13 of the Dungeon.
You worshipped Trog.
Trog was greatly pleased with you.
You were hungry.

You visited 1 branch of the dungeon, and saw 13 of its levels.

You collected 590 gold pieces.
You spent 96 gold pieces at shops.

Inventory:

Hand Weapons
 z - a +3 antimagic executioner's axe (weapon)
 J - the +1 battleaxe of Earthquakes {vorpal, rF+ rC- rN+ Stlth+}
   (Trog gifted it to you on level 10 of the Dungeon)

   It inflicts extra damage upon your enemies.
   It protects you from fire.
   It makes you vulnerable to cold.
   It protects you from negative energy.
   It makes you more stealthy.
Missiles
 a - 41 poisoned darts (quivered)
Armour
 E - the +3 hat of Pondering (worn) {ponderous, MR+ MP+10 Int+5}
   (You took it off Gastronok on level 8 of the Dungeon)

   It affects your intelligence (+5).
   It affects your resistance to hostile enchantments.
   It affects your magic capacity (+10).
   If you remove this armour, your AC will fall 3 points (19 -> 16)
 F - a scarf of spirit shield (worn)
 K - a +0 plate armour (worn)
 M - a +0 pair of gloves (worn)
Jewellery
 d - an uncursed ring of protection from fire
 h - a ring of positive energy (left hand)
 C - an amulet of regeneration (around neck)
 I - a ring of magical power (right hand)
 O - an uncursed ring of stealth
Wands
 i - a wand of clouds (2)
 m - a wand of random effects (31)
 u - a wand of paralysis (11)
 L - a wand of flame (18)
 N - a wand of enslavement (10)
Scrolls
 b - 3 scrolls of magic mapping
 f - 10 scrolls of identify
 g - 4 scrolls of remove curse
 n - 5 scrolls of teleportation
 w - a scroll of fear
 y - a scroll of silence {unknown}
 A - 3 scrolls of fog
 H - a scroll of noise {unknown}
 P - a scroll of torment {unknown}
Potions
 e - 3 potions of invisibility
 j - 2 potions of ambrosia
 k - 3 potions of heal wounds
 l - a potion of berserk rage {unknown}
 o - a potion of degeneration {unknown}
 p - 5 potions of curing
 q - 3 potions of magic {unknown}
 r - 2 potions of agility {unknown}
 s - a potion of lignification {unknown}
 v - 4 potions of flight {unknown}
 x - 2 potions of might {unknown}
 B - 2 potions of mutation {unknown}
 D - 2 potions of haste {unknown}
 G - 2 potions of brilliance {unknown}
Comestibles
 c - 17 rations


   Skills:
 + Level 11.4 Fighting
 * Level 14.8 Axes
 + Level 11.0 Armour
 + Level 10.2 Dodging


You had 11 spell levels left.
You didn't know any spells.
Your spell library was empty.

Dungeon Overview and Level Annotations

Branches:
Dungeon (13/15)            Temple (0/1) D:5            Lair (0/6) D:10
    Orc (0/2) D:9
 Vaults: D:13-14

Altars:
Ashenzari
Elyvilon
Hepliaklqana
Kikubaaqudgha
Nemelex Xobeh
Qazlal
Xom
Yredelemnul
Zin

Shops:
D:5 (   D:6 !   D:8 !

Annotations:
D:10 exclusion: ice statue
D:13 Jorgrun, Snorg


Innate Abilities, Weirdness & Mutations

You reflexively headbutt those who attack you in melee.
You have a pair of horns on your head.


Message History

Snorg is severely wounded.
Something hits you but does no damage. Snorg barely misses you.
Snorg claws you.
* * * LOW HITPOINT WARNING * * *
Snorg claws you but does no damage.
Jorgrun Earthshaker comes into view.
He is wielding a +0 vorpal quarterstaff and wearing a +1 robe of magic resistance.
Snorg bites you!
* * * LOW HITPOINT WARNING * * *
Snorg claws you but does no damage. Snorg barely misses you.
A yak comes into view.
Your ogre goes berserk!
You are feeling hungry.
Trog will no longer gift you weapons.
Jorgrun shouts!
Something hits your ogre! Snorg bites you but does no damage.
Snorg barely misses you. Snorg claws you.
* * * LOW HITPOINT WARNING * * *
A cyclops comes into view.
Snorg bites you!
You die...

Y.... .....##...
............%....#
.C...$. ..........
....... ..........
#..Y...##.....$...
..................
........T.........
.......O@.........
..................
..................
.......[..........
..................
..................
...........g......
................#.
..............###


You could see Jorgrun, Snorg (berserk), a cyclops, 2 yaks and a friendly ogre
(berserk).

Vanquished Creatures
  Gastronok (D:8)
  Erolcha (D:10)
  3 hydras
  2 two-headed ogres
  2 unseen horrors (D:11)
  A cyclops (D:12)
  A manticore (D:12)
  A deep elf mage (D:12)
  A centaur skeleton (D:10)
  5 trolls
  A harpy skeleton (D:12)
  3 hornets
  A meliai zombie (D:12)
  A shadow (D:11)
  Eustachio (D:6)
  2 wyverns (D:11)
  A soldier ant (D:9)
  2 water moccasins
  4 porcupines (D:10)
  4 orc warriors
  4 sky beasts
  2 black bears
  2 ice beasts
  3 eyes of draining
  3 phantoms
  A necrophage (D:12)
  5 ogres
  2 centaurs (D:12)
  2 crocodiles (D:10)
  2 big kobolds
  6 bullfrogs
  6 scorpions
  2 wyvern skeletons
  9 killer bees
  3 howler monkeys
  8 wights
  7 crimson imps
  5 jellies
  2 quasits
  10 orc priests
  5 hounds
  A bullfrog skeleton (D:9)
  An iguana (D:4)
  16 orc wizards
  8 worker ants
  A killer bee zombie (D:10)
  A hound zombie (D:6)
  10 gnolls
  11 adders
  3 shadow imps
  3 oozes
  A dart slug (D:1)
  2 worms
  2 leopard geckos (D:2)
  48 orcs
  7 giant cockroaches
  10 goblins
  8 hobgoblins
  10 jackals
  2 quokkas
  4 bats
  10 frilled lizards
  A jackal skeleton (D:8)
  19 kobolds
  2 quokka zombies
  9 rats
  2 fungi (D:10)
  2 plants (D:10)
321 creatures vanquished.

Vanquished Creatures (collateral kills)
  An orc warrior (D:6)
  An orc wizard (D:6)
2 creatures vanquished.

Vanquished Creatures (others)
  An orc (D:11)
  A kobold (D:8)
  A fungus (D:10)
3 creatures vanquished.

Grand Total: 326 creatures vanquished

Notes
Turn   | Place    | Note
-------+----------+-------------------------------------------
     0 | D:1      | Archen the Minotaur Berserker began the quest for the Orb.
     0 | D:1      | Reached XP level 1. HP: 19/19 MP: 0/0
   296 | D:1      | Reached XP level 2. HP: 25/27 MP: 1/1
   512 | D:1      | Reached skill level 4 in Axes
   783 | D:1      | Reached ** piety under Trog
   783 | D:1      | Reached XP level 3. HP: 24/33 MP: 2/2
  2674 | D:3      | Reached XP level 4. HP: 40/41 MP: 3/3
  2724 | D:3      | Noticed a phantom
  2740 | D:3      | Killed a phantom
  2740 | D:3      | Reached skill level 5 in Axes
  2740 | D:3      | Reached XP level 5. HP: 25/47 MP: 4/4
  2740 | D:3      | Reached *** piety under Trog
  3253 | D:3      | Reached XP level 6. HP: 4/55 MP: 5/5
  3604 | D:3      | Reached skill level 5 in Fighting
  3771 | D:4      | Reached skill level 6 in Axes
  4077 | D:4      | Reached XP level 7. HP: 61/61 MP: 6/6
  4382 | D:5      | Entered Level 5 of the Dungeon
  4398 | D:5      | Reached skill level 7 in Axes
  4399 | D:5      | Reached **** piety under Trog
  4401 | D:5      | Reached skill level 5 in Armour
  4524 | D:5      | Found a staircase to the Ecumenical Temple.
  4534 | D:5      | Found a hazy altar of Hepliaklqana.
  4567 | D:5      | Found Kigot's Antique Weapon Boutique.
  4590 | D:5      | Reached skill level 5 in Dodging
  5121 | D:6      | Reached XP level 8. HP: 70/70 MP: 7/7
  5279 | D:6      | Reached skill level 8 in Axes
  5345 | D:6      | Found Sunijaudd's Distillery.
  5354 | D:6      | Bought a potion of curing for 36 gold pieces
  5354 | D:6      | Bought a potion of heal wounds for 60 gold pieces
  5367 | D:6      | Found a white marble altar of Elyvilon.
  5485 | D:6      | Noticed Eustachio
  5490 | D:6      | Killed Eustachio
  5736 | D:6      | HP: 3/71 [something (3)]
  5989 | D:7      | Found an ancient bone altar of Kikubaaqudgha.
  6052 | D:7      | Found a shimmering altar of Xom.
  6063 | D:7      | Reached skill level 9 in Axes
  6164 | D:7      | Reached XP level 9. HP: 60/79 MP: 8/8
  6490 | D:7      | Reached skill level 10 in Axes
  6563 | D:7      | Found a glowing silver altar of Zin.
  6564 | D:7      | Found a sparkling altar of Nemelex Xobeh.
  6636 | D:8      | Noticed a two-headed ogre
  6640 | D:8      | Killed a two-headed ogre
  6653 | D:8      | Found a sparkling altar of Nemelex Xobeh.
  6700 | D:8      | Reached ***** piety under Trog
  6700 | D:8      | Received a gift from Trog
  6768 | D:8      | Reached skill level 11 in Axes
  7001 | D:8      | Found Lareasy's Distillery.
  7129 | D:8      | Noticed Gastronok
  7137 | D:8      | Killed Gastronok
  7137 | D:8      | Reached skill level 12 in Axes
  7137 | D:8      | Reached XP level 10. HP: 91/91 MP: 9/9
  7370 | D:9      | Found a stormy altar of Qazlal.
  7389 | D:9      | Paralysed by a hornet for 1 turns
  7533 | D:9      | Found a staircase to the Orcish Mines.
  7949 | D:10     | Entered Level 10 of the Dungeon
  8023 | D:10     | Found a staircase to the Lair.
  8028 | D:10     | Received a gift from Trog
  8042 | D:10     | Got a crystal battleaxe {god gift}
  8048 | D:10     | Identified the +1 battleaxe of Earthquakes {vorpal, rF+ rC-
                  | rN+ Stlth+} (Trog gifted it to you on level 10 of the
                  | Dungeon)
  8301 | D:10     | Noticed a two-headed ogre
  8306 | D:10     | Killed a two-headed ogre
  8306 | D:10     | Reached skill level 13 in Axes
  8306 | D:10     | Reached XP level 11. HP: 88/99 MP: 10/10
  8357 | D:10     | Reached skill level 10 in Fighting
  8420 | D:10     | Found the +9 staff of Wucad Mu {channel}
  8454 | D:10     | Found a basalt altar of Yredelemnul.
  8676 | D:10     | Noticed Erolcha
  8680 | D:10     | Killed Erolcha
  9199 | D:11     | Noticed a four-headed hydra
  9202 | D:11     | Noticed an eight-headed hydra
  9209 | D:11     | Reached skill level 10 in Armour
  9211 | D:11     | Killed a ten-headed hydra
  9211 | D:11     | Killed an unseen horror
  9215 | D:11     | Killed a 13-headed hydra
  9215 | D:11     | Reached skill level 14 in Axes
  9219 | D:11     | Found a gate leading to a gauntlet.
  9292 | D:11     | Killed an unseen horror
  9877 | D:12     | Noticed a five-headed hydra
  9891 | D:12     | Killed a nine-headed hydra
 10017 | D:12     | Received a gift from Trog
 10022 | D:12     | Reached skill level 10 in Dodging
 10022 | D:12     | Reached XP level 12. HP: 85/110 MP: 11/11
 10480 | D:12     | Found a shattered altar of Ashenzari.
 10725 | D:13     | Noticed Snorg
 10736 | D:13     | Noticed Jorgrun
 10736 | D:13     | HP: 4/110 [Snorg (16)]
 10737 | D:13     | HP: 1/110 [Snorg (4)]
 10737 | D:13     | Mangled by Snorg

Levels and vault maps discovered:
D:1:      matt_arrival_spirals, layout_loops_ring, serial_forest,
          infiniplex_forest_straight_2, infiniplex_forest_end_1,
          infiniplex_forest_straight_2, infiniplex_forest_lined_room_,
          infiniplex_forest_straight_4, infiniplex_forest_clump_long,
          infiniplex_forest_end_1, infiniplex_forest_corner_1
D:2:      layout_loops_corners
D:3:      layout_basic, first_ration
D:4:      layout_gridville, minmay_cupped
D:5:      layout_gridville, minmay_temple_entry_water_ring, basic_altar,
          serial_shops, nicolae_shop_temple_entry_statues_fountains,
          corexii_item_surrounded_by_moat
D:6:      layout_cave_pods, serial_shops, shop, basic_altar, uniq_eustachio
D:7:      layout_loops_cross, gammafunk_temple_overflow_statue,
          kiku_gazebo_pond_becter, basic_altar
D:8:      layout_cave_pods, serial_shops, shop,
          nemelex_xobeh_ov_fountains_minmay, uniq_gastronok
D:9:      layout_long_grid, nicolae_qazlal_style_of_elements, orc_0_dummy,
          hangedman_pestilent_swarm
D:10:     minmay_statue_hallways, layout_basic, due_lair_maze_entry_diamond,
          basic_altar, feat_on_display, uniq_erolcha
D:11:     layout_loops_ring, gauntlet_entry_generic
D:12:     layout_roguey, ashenzari_altar_1
D:13:     layout_cross, basic_altar, uniq_jorgrun, uniq_snorg

Skill      XL: |  1  2  3  4  5  6  7  8  9 10 11 12 |
---------------+-------------------------------------+-----
Axes           | 4 5 6 7 9 12 13 14 | 14.8
Fighting       | 4 5 6 7 9 11 | 11.4
Armour         | 3 4 5 6 8 9 10 11 | 11.0
Dodging        | 3 4 5 6 8 10 | 10.2

Action                   |  1- 3 |  4- 6 |  7- 9 | 10-12 || total
-------------------------+-------+-------+-------+-------++-------
Melee: Hand axe          |    68 |       |       |       ||    68
       Headbutt          |    15 |    17 |    34 |    63 ||   129
       War axe           |    45 |   110 |   212 |    47 ||   414
       Battleaxe         |       |       |       |   185 ||   185
       Executioner's axe |       |       |       |    62 ||    62
Invok: Berserk           |       |     1 |     5 |     4 ||    10
       Brothers in Arms  |       |       |     1 |     1 ||     2
  Use: Scroll            |     2 |     6 |    12 |     4 ||    24
       Potion            |       |       |       |     1 ||     1
  Eat: Chunk             |     5 |     6 |    10 |    11 ||    32
       Ration            |       |       |     1 |     2 ||     3
Armor: Animal skin       |     4 |       |       |       ||     4
       Chain mail        |    29 |    60 |    88 |    22 ||   199
       Ring mail         |     4 |       |       |       ||     4
       Plate armour      |       |       |       |   222 ||   222
Dodge: Dodged            |    70 |    55 |   102 |   234 ||   461
Block: Buckler           |       |       |    11 |     7 ||    18
       Reflection        |       |       |     1 |       ||     1

Table legend:
 A = Non-vault XP
 B = Vault XP
 C = Vault XP percentage of total XP
 D = Non-vault monster count
 E = Vault monster count
 F = Vault count percentage of total count
                 A         B        C        D         E       F
            +---------+---------+-------+---------+---------+-------
      Total |   19673 |    5258 |  21.1 |     300 |      20 |   6.2
            +---------+---------+-------+---------+---------+-------
        D:1 |      43 |       0 |   0.0 |      25 |       0 |   0.0
        D:2 |      40 |       0 |   0.0 |      22 |       0 |   0.0
        D:3 |     347 |       0 |   0.0 |      30 |       0 |   0.0
        D:4 |     487 |      73 |  13.0 |      20 |       4 |  16.7
        D:5 |     421 |       0 |   0.0 |      18 |       0 |   0.0
        D:6 |     524 |     202 |  27.8 |      16 |       1 |   5.9
        D:7 |    1408 |       0 |   0.0 |      33 |       0 |   0.0
        D:8 |    1883 |    2307 |  55.1 |      27 |       1 |   3.6
        D:9 |     388 |     700 |  64.3 |      10 |       4 |  28.6
       D:10 |    2580 |    1976 |  43.4 |      21 |      10 |  32.3
       D:11 |    5436 |       0 |   0.0 |      29 |       0 |   0.0
       D:12 |    6116 |       0 |   0.0 |      49 |       0 |   0.0
            +---------+---------+-------+---------+---------+-------
